 Dungeon Crawl Stone Soup version 0.21.1-1-g345015fe64 (webtiles) character file.

116 emmagoldmann2017 the Chopper (level 4, 40/40 HPs)
             Began as a Draconian Berserker on July 18, 2018.
             Was a Believer of Trog.
             Quit the game on level 2 of the Dungeon.
             The game lasted 00:23:50 (2784 turns).

emmagoldmann2017 the Chopper (Draconian Berserker)  Turns: 2784, Time: 00:23:50

Health: 40/40      AC:  5    Str: 21    XL:     4   Next: 70%
Magic:  4/4        EV: 13    Int:  7    God:    Trog [**....]
Gold:   61         SH:  0    Dex: 10    Spells: 3/3 levels left

rFire    + . .     SeeInvis .   a - +0 hand axe
rCold    x . .     Gourm    .   (no shield)
rNeg     . . .     Faith    .   (armour unavailable)
rPois    .         Spirit   .   (helmet restricted)
rElec    .         Reflect  .   (no cloak)
rCorr    .         Harm     .   (no gloves)
MR       .....                  (no boots)
Stlth    ++........             (no amulet)
HPRegen  0.13/turn              l - ring of fire
MPRegen  0.09/turn              (no ring)

@: no status effects
A: unfitting armour, cold-blooded, AC +5
a: Berserk, Trog's Hand, Burn Spellbooks, Renounce Religion


You were on level 2 of the Dungeon.
You worshipped Trog.
Trog was pleased with you.
You were very hungry.

You visited 1 branch of the dungeon, and saw 3 of its levels.

You collected 61 gold pieces.

Inventory:

Hand Weapons
 a - a +0 hand axe (weapon)
Jewellery
 l - a ring of fire (left hand)
Wands
 k - a wand of enslavement (13)
Scrolls
 f - a scroll of teleportation {unknown}
 g - a scroll of identify {unknown}
 j - a scroll of blinking {unknown}
Potions
 c - a potion of cancellation {unknown}
 d - 2 potions of heal wounds {unknown}
 e - a potion of curing {unknown}
 i - a potion of brilliance {unknown}
Comestibles
 b - 2 rations


   Skills:
 + Level 4.0 Fighting
 * Level 4.2 Axes
 - Level 3.2 Dodging
 * Level 1.3 Stealth


You had 3 spell levels left.
You didn't know any spells.

Dungeon Overview and Level Annotations

Branches:
Dungeon (3/15)

Altars:
Kikubaaqudgha


Innate Abilities, Weirdness & Mutations

Your plain brown scales are hard. (AC +5)
You cannot fit into any form of body armour.
You are cold-blooded and may be slowed by cold attacks.


Message History

You feel more attuned to fire.
l - a ring of fire (left hand) Unknown command.
All of the chunks of flesh in your inventory have rotted away.
Done exploring.
Done exploring.
You can't go down here!
You are feeling hungry.
Done exploring.
Done exploring.
Done exploring.
Drop what? 11/52 slots (_ for help) (? for menu, Esc to quit)
Okay, then.
Drop what? 11/52 slots (_ for help) (? for menu, Esc to quit)
Okay, then.
You start waiting.
You start waiting.
You are feeling very hungry.
There is a stone staircase leading down here.
Are you sure you want to abandon this character and quit the game? (Confirm with "yes".)

.........#.#.##.#............#.#
........##.#.##.#.############.#
###.###.##.#.##........# #.# #
#......#(#...........# #.#
##########.#...........# #.#
...........#...........# #.##
.......................# #..(
############...#.......# #### #
#....@......########## #
#########...#.....>.#......... #
#.......#....#.##...(....####. #
#............#.##........# #. #
#.......###..#.##........####. #
#............#.##........#.... #
#.......####.#.##........#.... #
#............#.##........#.... #
#.......######.#.........#...≈


There were no monsters in sight!

Vanquished Creatures
  5 adders (D:2)
  3 worms (D:2)
  A dart slug (D:1)
  A leopard gecko (D:1)
  2 giant cockroaches
  6 hobgoblins
  10 jackals
  7 kobolds
  A ball python (D:1)
  9 bats
  3 frilled lizards
  7 goblins
  5 rats
60 creatures vanquished.

Notes
Turn   | Place    | Note
-------+----------+-------------------------------------------
     0 | D:1      | emmagoldmann2017 the Draconian Berserker began the quest for the Orb.
     0 | D:1      | Reached XP level 1. HP: 19/19 MP: 1/1
   281 | D:1      | Reached XP level 2. HP: 25/26 MP: 2/2
   663 | D:1      | Reached XP level 3. HP: 28/33 MP: 3/3
   827 | D:1      | Reached ** piety under Trog
  1420 | D:2      | Reached skill level 1 in Stealth
  1613 | D:2      | Reached XP level 4. HP: 23/40 MP: 4/4
  1853 | D:2      | Found an ancient bone altar of Kikubaaqudgha.
  2784 | D:2      | Quit the game

Skill      XL: |  1  2  3  4 |
---------------+-------------+-----
Dodging        | 3 |  3.2
Stealth        | 1 |  1.3
Axes           | 4 |  4.2
Fighting       | 4 |  4.0

Action                   |  1- 3 |  4- 6 || total
-------------------------+-------+-------++-------
Melee: Hand axe          |   145 |    64 ||   209
       Tailslap          |    18 |     6 ||    24
 Stab: Distracted        |     1 |       ||     1
       Sleeping          |     1 |       ||     1
  Eat: Chunk             |     2 |     3 ||     5
Armor: Skin              |    50 |    14 ||    64
Dodge: Dodged            |   107 |    41 ||   148
